 Dungeon Crawl Stone Soup version 0.25-a0-566-g062765be81 (webtiles) character file.

Game seed: 10280395012659882958, levelgen mode: deterministic

137 Emblim88 the Sneak (level 5, -2/28 HPs)
             Began as a Spriggan Monk on Feb 27, 2020.
             Shot with an arrow by a centaur (8 damage)
             ... on level 6 of the Dungeon.
             The game lasted 00:11:43 (3647 turns).

Emblim88 the Sneak (Spriggan Monk)                  Turns: 3647, Time: 00:11:43

Health: -2/28      AC:  2    Str:  8    XL:     5   Next: 0%
Magic:  6/6        EV: 21    Int: 11    God:
Gold:   104        SH:  0    Dex: 19    Spells: 4/4 levels left

rFire    . . .     SeeInvis +   a - +0 short sword
rCold    . . .     Gourm    .   (shield restricted)
rNeg     . . .     Faith    .   b - +0 robe
rPois    .         Spirit   .   (helmet restricted)
rElec    .         Reflect  .   (no cloak)
rCorr    .         Harm     .   (gloves unavailable)
MR       .....                  (boots unavailable)
Stlth    +++.......             (no amulet)
HPRegen  0.09/turn              (no ring)
MPRegen  0.10/turn              (no ring)

@: very quick
A: very small, unfitting armour, see invisible, herbivore, speed 3, slow
metabolism 2
a: no special abilities


You were on level 6 of the Dungeon.
You were not hungry.

You visited 1 branch of the dungeon, and saw 6 of its levels.

You collected 104 gold pieces.

Inventory:

Hand Weapons
 a - a +0 short sword (weapon)
 g - a +0 hunting sling
Missiles
 d - 93 stones (quivered)
Armour
 b - a +0 robe (worn)
Wands
 o - a wand of digging (6)
 p - a wand of polymorph (5)
Scrolls
 f - 2 scrolls of identify {unknown}
 j - 2 scrolls of remove curse {unknown}
 m - 2 scrolls of amnesia {unknown}
 r - a scroll of enchant weapon {unknown}
Potions
 e - a potion of ambrosia {unknown}
 h - a potion of heal wounds {unknown}
 i - 2 potions of curing {unknown}
 k - a potion of magic {unknown}
 l - a potion of might {unknown}
 n - a potion of resistance {unknown}
 q - a potion of stabbing {unknown}
Comestibles
 c - 5 rations


   Skills:
 + Level 3.0 Fighting
 + Level 4.0 Short Blades
 + Level 5.4 Dodging
 * Level 5.5 Stealth
 + Level 0.8 Evocations


You had 4 spell levels left.
You didn't know any spells.
Your spell library was empty.

Dungeon Overview and Level Annotations

Branches:
Dungeon (6/15)
 Temple: D:4-7

Altars:
Dithmenos
Elyvilon
Fedhas
Nemelex Xobeh
Qazlal

Shops:
D:5 :

Annotations:
D:5 2 transporters, astraldaughter's ghost, amateur HuAE


Innate Abilities, Weirdness & Mutations

You are very small and have problems with some larger weapons.
You are too small for most types of armour.
You have supernaturally acute eyesight. (SInv)
You are a herbivore.
You cover ground extremely quickly.
You need to consume almost no food.


Message History

Your Fighting skill increases to level 3!
Your Short Blades skill increases to level 4!
You have reached level 5!
You feel agile.
A centaur comes into view.
The centaur shouts!
The centaur wields a +0 shortbow.
The centaur shoots an arrow.
The arrow misses you.
The jelly quivers.
You see here an arrow.
The centaur shoots an arrow.
The arrow hits you!
You see here an arrow.
The scorpion misses you.
The centaur shoots an arrow.
The arrow hits you.
* * * LOW HITPOINT WARNING * * *
The centaur shoots an arrow.
The arrow closely misses you.
The jelly jiggles.
The jelly completely misses you.
You see here an arrow.
The centaur shoots an arrow.
The arrow hits you!
You die...

#.# #.##...... #.#
#.##...... #####(#
#.##.....J ##...(.#
#.###..... #..#.#.#
#......... #c.....#
#.####.### #..#s#.#
#.####.###
##..(J.#####.........
#.#@#.......o.$oo###
#.......... #...J
#####.##### #.### .#
#.# .# #.# .# ##.###
#..... ##.#.. ###.#


You could see a centaur, a scorpion and a jelly.

Vanquished Creatures
  An iguana (D:4)
  2 worker ants
  3 adders
  A leopard gecko (D:1)
  3 orcs
  4 giant cockroaches
  3 goblins
  4 hobgoblins
  4 jackals (D:1)
  5 bats
  3 frilled lizards
  3 rats (D:1)
36 creatures vanquished.

Notes
Turn   | Place    | Note
-------+----------+-------------------------------------------
     0 | D:1      | Emblim88 the Spriggan Monk began the quest for the Orb.
     0 | D:1      | Reached XP level 1. HP: 11/11 MP: 2/2
   630 | D:1      | Reached XP level 2. HP: 3/16 MP: 3/3
  1624 | D:2      | Found a stormy altar of Qazlal.
  1716 | D:2      | Reached XP level 3. HP: 14/19 MP: 4/4
  2047 | D:3      | Reached skill level 5 in Dodging
  2077 | D:3      | Found a blossoming altar of Fedhas.
  2308 | D:3      | Found a sparkling altar of Nemelex Xobeh.
  2478 | D:4      | Reached skill level 5 in Stealth
  2478 | D:4      | Reached XP level 4. HP: 14/23 MP: 5/5
  2757 | D:5      | Entered Level 5 of the Dungeon
  3009 | D:5      | Found a transporter.
  3010 | D:5      | Noticed astraldaughter's ghost (amateur HuAE)
  3042 | D:5      | Found Kenegh's Book Emporium.
  3249 | D:5      | Found a white marble altar of Elyvilon.
  3367 | D:5      | Found a transporter.
  3538 | D:6      | Found a shadowy altar of Dithmenos.
  3570 | D:6      | Noticed a bullfrog
  3640 | D:6      | Reached XP level 5. HP: 19/28 MP: 6/6
  3641 | D:6      | Noticed a centaur
  3647 | D:6      | Shot with an arrow by a centaur

Levels and vault maps discovered:
D:1:      dpeg_arrival_simpleton_a, layout_basic, roderic_serpentine_path
D:2:      layout_loops_cross, lightli_temple_of_fire, marbit_many_paths,
          overflow_temple_1_default, roderic_roman_lattice
D:3:      layout_loops_corners, nicolae_overflow_crystal_walls,
          nemelex_xobeh_ov_fountains_minmay, first_ration, tgw_xom
D:4:      layout_basic
D:5:      layout_basic, elyvilon_altar_3, gammafunk_ghost_mausoleum,
          serial_shops, shop
D:6:      layout_loops_ring, kennysheep_mini, lemuel_crystal_altar,
          serial_glass, glass_columns_a, glass_columns_b, serial_shops,
          nicolae_shop_trees

Skill      XL: |  1  2  3  4 |
---------------+-------------+-----
Stealth        | 4 5 |  5.5
Dodging        | 5 |  5.4
Fighting       | 3 |  3.0
Short Blades   | 4 |  4.0
Evocations     | |  0.8

Action                   |  1- 3 |  4- 6 || total
-------------------------+-------+-------++-------
Melee: Short sword       |   139 |    12 ||   151
Throw: Stone             |    25 |       ||    25
  Use: Scroll            |     5 |       ||     5
 Stab: Sleeping          |     6 |     2 ||     8
       Distracted        |     1 |       ||     1
Armor: Robe              |    19 |       ||    19
Dodge: Dodged            |   106 |    17 ||   123

Table legend:
 A = Non-vault XP
 B = Vault XP
 C = Vault XP percentage of total XP
 D = Non-vault monster count
 E = Vault monster count
 F = Vault count percentage of total count
                 A         B        C        D         E       F
            +---------+---------+-------+---------+---------+-------
      Total |     184 |      13 |   6.6 |      35 |       1 |   2.8
            +---------+---------+-------+---------+---------+-------
        D:1 |      23 |       0 |   0.0 |      13 |       0 |   0.0
        D:2 |      24 |      13 |  35.1 |       8 |       1 |  11.1
        D:3 |      29 |       0 |   0.0 |       9 |       0 |   0.0
        D:4 |      39 |       0 |   0.0 |       2 |       0 |   0.0
        D:5 |      35 |       0 |   0.0 |       2 |       0 |   0.0
        D:6 |      34 |       0 |   0.0 |       1 |       0 |   0.0
            +---------+---------+-------+---------+---------+-------
